cohdb
Replays
Latest Replays
All Replays
Popular Replays
Top Player Replays
Match Explorer
How It Works
Community
CoH3 Stats
Reddit
Sign in to upload your games and track your stats! →
Sign in with Steam
Match 32671913
Unlisted
Match 32671913
Overview
Messages
Build Orders
End
Vickers Machine Gun Team
Construct Section Command Post
Selects Indian Artillery Battlegroup
Infantry Section
ML 3-inch Mortar Team
Vickers Machine Gun Team
Construct Field Infirmary
Selects Towed ML 4.2-inch Heavy Mortar
Towed ML 4.2-inch Heavy Mortar
Construct Platoon Command Post
Vickers Machine Gun Team
Selects Off-map Airburst Barrage
Royal Engineer Section
Construct Company Command Post
Selects BL5.5 Artillery Emplacement
Crusader II Medium Tank
Grenade Package
Off-map Airburst Barrage
Selects War Cry
Selects Gurkha Rifles Section
Vickers Machine Gun Team
Benirho --'
matrix4x4
空山
哈气咪
夏天的你
Sakura_luna
0
0
Comments
sign in to comment!
No comments posted yet!